 Dungeon Crawl Stone Soup version 0.17.0-24-gcfadda4 (webtiles) character file.

106 M4edhros the Poker (level 4, -10/31 HPs)
             Began as an Octopode Chaos Knight on Nov 15, 2015.
             Killed by divine providence
             ... invoked by an orc priest
              (16 damage)
             ... on level 3 of the Dungeon.
             The game lasted 00:01:43 (1746 turns).

M4edhros the Poker (Octopode Chaos Knight)          Turns: 1746, Time: 00:01:43

Health: -10/31     AC:  3    Str: 11    XL:     4   Next: 84%
Magic:  4/4        EV: 12    Int: 14    God:    Xom [...*..]
Gold:   80         SH:  0    Dex: 12    Spells: 0 memorised, 3 levels left

rFire  . . .     SeeInvis .     a - +0 spear (chaos)
rCold  . . .     Clarity  +     (no shield)
rNeg   . . .     SustAt   .     (helmet restricted)
rPois  .         Gourm    .     (no amulet)
rElec  .         Spirit   .     j - ring of loudness (curse)
rCorr  .         Warding  .     k - ring of wizardry
rMut   .         Stasis   .     f - +2 ring of protection
MR     .....                    (no ring)
Stlth  +.........               (no ring)
                                (no ring)
                                (no ring)
                                (no ring)

@: lethally poisoned (-10 -> -15), hasted, very quick, not resistant to hostile
enchantments, very unstealthy
A: almost no armour, amphibious, 8 rings, constrict 8, camouflage 1, clarity,
gelatinous body 1
a: Renounce Religion


You were on level 3 of the Dungeon.
You worshipped Xom.
You were a favourite toy of Xom.
You were not hungry.

You visited 1 branch of the dungeon, and saw 3 of its levels.

You collected 80 gold pieces.

Inventory:

Hand Weapons
 a - a +0 spear of chaos (weapon)
 i - a +0 rapier
Jewellery
 f - a +2 ring of protection (on tentacle)
 j - a cursed ring of loudness (left tentacle)
 k - a ring of wizardry (right tentacle)
 o - an uncursed amulet of resist mutation {unknown}
Scrolls
 c - a scroll of noise {unknown}
 g - 3 scrolls of enchant weapon {unknown}
 l - a scroll of immolation {unknown}
 p - a scroll of fear {unknown}
 r - a scroll of identify {unknown}
Comestibles
 b - 4 bread rations
 h - 4 fruits
 m - a meat ration
 q - a slice of pizza


   Skills:
 - Level 3.0 Fighting
 + Level 5.4 Polearms
 - Level 2.3 Dodging


You had 3 spell levels left.
You didn't know any spells.

Dungeon Overview and Level Annotations

Branches:
Dungeon (3/15)

Altars:
Trog


Innate Abilities, Weirdness & Mutations

You cannot wear most types of armour.
You are amphibious.
You can wear up to eight rings at the same time.
You can use your tentacles to constrict eight enemies at once.
Your skin changes colour to match your surroundings (Stealth).
Your rubbery body absorbs attacks (AC +1).
You possess an exceptional clarity of mind.


Message History

The goblin closely misses you. The adder bites you.
Drink which item? (? for menu, Esc to quit)
It was a potion of ambrosia.
You feel momentarily confused.
You feel briefly invigorated. The adder bites you.
You are poisoned.
The adder poisons you!
The goblin hits you with an uncursed dagger of venom.
* * * LOW HITPOINT WARNING * * *
The orc closely misses you.
Drink which item? (? for menu, Esc to quit)
It was a potion of haste.
You feel yourself speed up.
You feel sick.
You hear Xom's avuncular chuckle.
The orc is moving more slowly.
You are now a favourite toy of Xom.
The adder bites you but does no damage.
The orc priest invokes the aid of Beogh against you.
Something smites you!
Ouch! That really hurt!
You die...
Xom howls with laughter!

...#########..######
#....##########.#######
..#+###########.#######
##!###########.#######
##.###########.#######
###.###########.#######
...........####.#######
......o...(.....#######
#....S@..(############
##..og....############
...........############
...........############
####.......############
######################
######################


You could see an orc priest, an adder, an orc (petrifying) and a goblin.

Vanquished Creatures
  An orc priest (D:3)
  2 adders (D:2)
  3 worms
  An orc (D:3)
  10 goblins
  9 hobgoblins
  5 jackals
  A quokka (D:3)
  A ball python (D:1)
  9 bats
  3 giant cockroaches (D:1)
  A giant gecko (D:2)
  2 giant newts (D:1)
  3 kobolds
  3 rats
54 creatures vanquished.

Notes
Turn   | Place    | Note
--------------------------------------------------------------
     0 | D:1      | M4edhros the Octopode Chaos Knight began the quest for the Orb.
     0 | D:1      | Reached XP level 1. HP: 16/16 MP: 1/1
    79 | D:1      | Reached XP level 2. HP: 3/21 MP: 2/2
   408 | D:1      | Reached skill level 4 in Polearms
   459 | D:1      | Reached XP level 3. HP: 21/26 MP: 3/3
   783 | D:1      | Found a bloodstained altar of Trog.
   971 | D:2      | XOM: harmless Necr miscast
   991 | D:2      | XOM: potion effect (invisibility)
  1037 | D:2      | Reached XP level 4. HP: 16/31 MP: 4/4
  1270 | D:2      | XOM: harmless Fire miscast
  1545 | D:3      | Reached skill level 5 in Polearms
  1729 | D:3      | XOM: vitrification
  1743 | D:3      | Gained mutation: You possess an exceptional clarity of mind. [potion of beneficial mutation]
  1746 | D:3      | XOM: enchant monster (good)
  1746 | D:3      | Killed from afar by an orc priest

Action                   |  1- 3 |  4- 6 || total
-------------------------+-------+-------++-------
Melee: Spear             |    84 |    49 ||   133
  Use: Potion            |       |     3 ||     3
 Stab: Sleeping          |     9 |     5 ||    14
       Distracted        |     1 |       ||     1
       Invisible         |     2 |       ||     2
  Eat: Meat ration       |       |     1 ||     1
